 Dungeon Crawl Stone Soup version 0.22-a0-252-gcace5d2 (webtiles) character file.

23 4thArraOfDagon the Ducker (level 2, -3/14 HPs)
             Began as a Felid Chaos Knight on Mar 2, 2018.
             Slain by a worm (6 damage)
             ... on level 2 of the Dungeon.
             The game lasted 00:01:23 (382 turns).

4thArraOfDagon the Ducker (Felid Chaos Knight)       Turns: 382, Time: 00:01:23

Health: -3/14      AC:  1    Str:  8    XL:     2   Next: 72%
Magic:  3/3        EV: 19    Int: 13    God:    Xom [..*...]
Gold:   39         SH:  0    Dex: 15    Spells: 1/1 levels left
                                        Lives:  0   Deaths: 0

rFire    . . .     SeeInvis +     - Unarmed
rCold    . . .     Gourm    .   (shield unavailable)
rNeg     . . .     Faith    .   (armour unavailable)
rPois    .         Spirit   .   (helmet unavailable)
rElec    .         Reflect  .   (cloak unavailable)
rCorr    .         Harm     .   (gloves unavailable)
MR       .....                  (boots unavailable)
Stlth    +++.......             g - amulet of magic regeneration
HPRegen  0.04/turn              (no ring)
MPRegen  0.33/turn              (no ring)

@: quick
A: very small, no armour, no weapons or thrown items, stealth, claws 1, fangs 3,
see invisible, carnivore, speed 1, shaggy fur 1, slow metabolism 1, sharp paws
a: Renounce Religion


You were on level 2 of the Dungeon.
You worshipped Xom.
You were a toy of Xom.
You were very full.

You visited 1 branch of the dungeon, and saw 2 of its levels.

You collected 39 gold pieces.

Inventory:

Jewellery
 g - an amulet of magic regeneration (around neck)
Scrolls
 e - a scroll of enchant armour {unknown}
 f - a scroll of identify {unknown}
Potions
 d - a potion of flight
Comestibles
 a - 3 rations


   Skills:
 - Level 3.0 Fighting
 + Level 3.6 Dodging
 * Level 2.5 Stealth
 + Level 3.2 Unarmed Combat


You had one spell level left.
You didn't know any spells.

Dungeon Overview and Level Annotations

Branches:
Dungeon (2/15)

Altars:
Ashenzari


Innate Abilities, Weirdness & Mutations

You cannot wear armour.
You are incapable of wielding weapons or throwing items.
Your paws allow you to move quietly. (Stealth)
You have sharp claws.
You have razor-sharp teeth.
You have supernaturally acute eyesight. (SInv)
You are carnivorous and can eat meat at any time.
You cover ground quickly.
You are covered in fur. (AC +1)
You have a slow metabolism.
Your sharp claws are effective at attacking unaware monsters.


Message History

You scratch the bat.
You kill the bat!
You scratch the goblin.
The goblin is severely wounded.
The goblin misses you.
You scratch the goblin.
You kill the goblin!
Things that are here:
a club; a bat corpse You open the door.
There is an open door here.
There is an open door here.
A worm comes into view.
Unknown command.
Unknown command.
You pounce on the unaware helpless worm!
You claw the worm! Your bite misses the worm.
The worm is heavily wounded.
The worm bites you.
You die...

............ ####.#
##.....# ..##.#
#.##### ## #.##.# #.#
# #.##.##.# #)# # ###
#.#.##.####.#####
..###..##.........#.
####w#..............#.
#....@...######...(.##
#.######## #......#
#......# ####....
..###.' ....###
......# ....### .. #.#


You could see a worm.

Vanquished Creatures
  2 dart slugs (D:1)
  A leopard gecko (D:2)
  6 goblins
  2 hobgoblins
  A quokka (D:2)
  3 bats
  A frilled lizard (D:2)
  2 rats (D:1)
18 creatures vanquished.

Notes
Turn   | Place    | Note
-------+----------+-------------------------------------------
     0 | D:1      | 4thArraOfDagon the Felid Chaos Knight began the quest for the Orb.
     0 | D:1      | Reached XP level 1. HP: 10/10 MP: 2/2
    67 | D:1      | Reached skill level 1 in Stealth
   163 | D:1      | Reached XP level 2. HP: 9/14 MP: 3/3
   242 | D:1      | XOM: harmless Chrm miscast
   292 | D:2      | Found a shattered altar of Ashenzari.
   382 | D:2      | Slain by a worm

Vault maps used:
D:1:      dpeg_arrival_tiny_h
D:2:      chequers_ecumenical_altar_simple, nicolae_ashenzari_panopticon

Skill      XL: |  1  2 |
---------------+-------+-----
Stealth        | 1 2 |  2.5
Fighting       | |  3.0
Dodging        | |  3.6
Unarmed Combat | |  3.2

Action                   || total
-------------------------++-------
Melee: Unarmed           ||    57
       Punch             ||     2
  Use: Potion            ||     3
 Stab: Sleeping          ||     3
       Distracted        ||     1
  Eat: Chunk             ||     5
Armor: Skin              ||     9
Dodge: Dodged            ||    39

Table legend:
 A = Spawn XP
 B = Non-spawn XP
 C = Spawn XP percentage of total XP
 D = Spawn monster count
 E = Non-spawn monster count
 F = Spawn count percentage of total count
 G = Total turns spent on level
                    A         B        C        D         E        F      G
               +---------+---------+-------+---------+---------+-------+---------
         Total |       0 |      33 |   0.0 |       0 |      18 |   0.0 |   382
               +---------+---------+-------+---------+---------+-------+---------
           D:1 |       0 |      19 |   0.0 |       0 |      10 |   0.0 |   243
           D:2 |       0 |      14 |   0.0 |       0 |       8 |   0.0 |   139
               +---------+---------+-------+---------+---------+-------+---------
